% Time on Ice - ANCHORAGE ACES
Lines # - Real PCT - Wanted PCT - Time Play
Normal Forward
1 - 35% - 35% - 17:26
2 - 36% - 35% - 17:41
3 - 18% - 20% - 9:12
4 - 11% - 10% - 5:27
Normal Defense
1 - 33% - 33% - 16:16
2 - 34% - 33% - 16:57
3 - 33% - 33% - 16:33
4 - 0% - 1% - 0:00
PP Forward
1 - 47% - 55% - 2:03
2 - 53% - 45% - 2:19
PP Defense
1 - 55% - 55% - 2:23
2 - 45% - 45% - 1:59
PK Forward
1 - 68% - 55% - 3:59
2 - 32% - 45% - 1:53
PK Defense
1 - 59% - 55% - 3:29
2 - 41% - 45% - 2:23
PK3 Forward
1 - 0% - 55%
2 - 0% - 45%
PK3 Defense
1 - 0% - 55%
2 - 0% - 45%
44 Forward
1 - 0% - 55%
2 - 0% - 45%
44 Defense
1 - 0% - 55%
2 - 0% - 45%
Last Minute Offensive  - 0:00
Last Minute Defensive  - 0:00
Total
Forward - 60:00
Defense - 60:00
% Time on Ice - SPOKANE KNIGHTS
Lines # - Real PCT - Wanted PCT - Time Play
Normal Forward
1 - 31% - 32% - 15:20
2 - 31% - 32% - 15:33
3 - 32% - 31% - 15:44
4 - 6% - 5% - 3:09
Normal Defense
1 - 33% - 33% - 16:19
2 - 35% - 33% - 17:26
3 - 25% - 24% - 12:31
4 - 7% - 10% - 3:30
PP Forward
1 - 56% - 60% - 3:18
2 - 44% - 40% - 2:34
PP Defense
1 - 61% - 60% - 3:36
2 - 39% - 40% - 2:16
PK Forward
1 - 66% - 55% - 2:53
2 - 34% - 45% - 1:29
PK Defense
1 - 55% - 60% - 2:24
2 - 45% - 40% - 1:58
PK3 Forward
1 - 0% - 60%
2 - 0% - 40%
PK3 Defense
1 - 0% - 60%
2 - 0% - 40%
44 Forward
1 - 0% - 50%
2 - 0% - 50%
44 Defense
1 - 0% - 60%
2 - 0% - 40%
Last Minute Offensive  - 0:00
Last Minute Defensive  - 0:00
Total
Forward - 60:00
Defense - 60:00
Play-by-Play 1st period 0:01 of 1st period - Sebastian Aho wins face-off versus Connor McDavid in neutral zone. 0:15 of 1st period - Shot by Connor McDavid. 0:15 of 1st period - Stopped by Braden Holtby with a rebound. 0:23 of 1st period - Nathan MacKinnon is hit by Sebastian Aho and loses puck. 0:32 of 1st period - Shot by Blake Wheeler. 0:32 of 1st period - Stopped by Martin Jones without a rebound. 0:33 of 1st period - Phillip Danault wins face-off versus Leon Draisaitl in ANCHORAGE ACES zone. 0:43 of 1st period - Icing by Ryan Suter. 0:44 of 1st period - Mikael Backlund wins face-off versus Leon Draisaitl in ANCHORAGE ACES zone. 0:52 of 1st period - Minor Penalty to Deryk Engelland for Tripping. 0:53 of 1st period - Tyler Bozak wins face-off versus Sebastian Aho in ANCHORAGE ACES zone. 1:04 of 1st period - Kristopher Letang is hit by Nate Thompson. 1:16 of 1st period - Shot by Matthew Tkachuk. 1:16 of 1st period - Shot Misses the Net. 1:31 of 1st period - Shot by Kristopher Letang. 1:31 of 1st period - Stopped by Martin Jones without a rebound. 1:32 of 1st period - Tyler Bozak wins face-off versus Vincent Trocheck in ANCHORAGE ACES zone. 2:09 of 1st period - Shot by Blake Wheeler. 2:09 of 1st period - Stopped by Martin Jones without a rebound. 2:10 of 1st period - Sebastian Aho wins face-off versus Frank Vatrano in ANCHORAGE ACES zone. 2:11 of 1st period - Shot by Matthew Tkachuk. 2:11 of 1st period - Shot Misses the Net. 2:13 of 1st period - Shot by Kristopher Letang. 2:13 of 1st period - Stopped by Martin Jones without a rebound. 2:14 of 1st period - Sebastian Aho wins face-off versus Tyler Bozak in ANCHORAGE ACES zone. 2:15 of 1st period - Shot by Kristopher Letang. 2:15 of 1st period - Stopped by Martin Jones without a rebound. 2:16 of 1st period - Tyler Bozak wins face-off versus Sebastian Aho in ANCHORAGE ACES zone. 2:16 of 1st period - Ryan Suter is hit by Sebastian Aho and loses puck. 2:49 of 1st period - Shot by Matthew Tkachuk. 2:49 of 1st period - Stopped by Martin Jones without a rebound. 2:50 of 1st period - Vincent Trocheck wins face-off versus Nate Thompson in ANCHORAGE ACES zone. 2:53 of 1st period - Shot by Tomas Hertl. 2:53 of 1st period - Shot Misses the Net. 3:01 of 1st period - Shot by Darnell Nurse. 3:01 of 1st period - Stopped by Braden Holtby without a rebound. 3:02 of 1st period - Mikael Backlund wins face-off versus Leon Draisaitl in SPOKANE KNIGHTS zone. 4:23 of 1st period - Icing by Victor Hedman. 4:24 of 1st period - Tyler Bozak wins face-off versus Phillip Danault in SPOKANE KNIGHTS zone. 4:34 of 1st period - Matthew Tkachuk is hit by Ben Chiarot and loses puck. 4:48 of 1st period - Patrick Kane is hit by Ben Chiarot and loses puck. 4:53 of 1st period - Shot by Matthew Tkachuk. 4:53 of 1st period - Shot Blocked by Niklas Hjalmarsson. 5:10 of 1st period - Tomas Hertl is hit by Ben Chiarot. 5:32 of 1st period - Shot by Tomas Hertl. 5:32 of 1st period - Stopped by Martin Jones without a rebound. 5:33 of 1st period - Nathan MacKinnon wins face-off versus Mikael Backlund in ANCHORAGE ACES zone. 5:38 of 1st period - Shot by Nathan MacKinnon. 5:38 of 1st period - Stopped by Braden Holtby without a rebound. 5:39 of 1st period - Nathan MacKinnon wins face-off versus Mikael Backlund in SPOKANE KNIGHTS zone. 5:42 of 1st period - Shot by Ryan Suter. 5:42 of 1st period - Stopped by Braden Holtby with a rebound. 5:44 of 1st period - Shot by Nathan MacKinnon. 5:44 of 1st period - Shot Misses the Net. 5:52 of 1st period - Shot by Nathan MacKinnon. 5:52 of 1st period - Stopped by Braden Holtby without a rebound. 5:53 of 1st period - Nate Thompson wins face-off versus Sebastian Aho in SPOKANE KNIGHTS zone. 6:02 of 1st period - Ryan Suter is hit by Blake Wheeler and loses puck. 6:22 of 1st period - Off-side. 6:23 of 1st period - Nathan MacKinnon wins face-off versus Phillip Danault in neutral zone. 6:29 of 1st period - Connor McDavid is hit by Zdeno Chara and loses puck. 6:57 of 1st period - Minor Penalty to Darnell Nurse for Elbowing. 6:58 of 1st period - Tyler Bozak wins face-off versus Vincent Trocheck in ANCHORAGE ACES zone. 7:13 of 1st period - Shot by Kristopher Letang. 7:13 of 1st period - Stopped by Martin Jones with a rebound. 7:19 of 1st period - Shot by Kristopher Letang. 7:19 of 1st period - Goal by Kristopher Letang - ANCHORAGE ACES : 0 - SPOKANE KNIGHTS : 1. 7:20 of 1st period - Marcus Kruger wins face-off versus Leon Draisaitl in neutral zone. 7:41 of 1st period - Icing by Ben Chiarot. 7:42 of 1st period - Sebastian Aho wins face-off versus Leon Draisaitl in ANCHORAGE ACES zone. 7:45 of 1st period - Shot by Tomas Hertl. 7:45 of 1st period - Stopped by Martin Jones without a rebound. 7:46 of 1st period - Sebastian Aho wins face-off versus Nathan MacKinnon in ANCHORAGE ACES zone. 7:57 of 1st period - Nathan MacKinnon is hit by Blake Wheeler. 8:06 of 1st period - Off-side. 8:07 of 1st period - Mikael Backlund wins face-off versus Leon Draisaitl in neutral zone. 8:38 of 1st period - Minor Penalty to Bogdan Kiselevich for Hooking. 8:39 of 1st period - Connor McDavid wins face-off versus Vincent Trocheck in SPOKANE KNIGHTS zone. 8:44 of 1st period - Shot by Connor McDavid. 8:44 of 1st period - Shot Misses the Net. 8:46 of 1st period - Shot by Ryan Suter. 8:46 of 1st period - Shot Blocked by Zdeno Chara. 8:48 of 1st period - Shot by Leon Draisaitl. 8:48 of 1st period - Stopped by Braden Holtby without a rebound. 8:49 of 1st period - Phillip Danault wins face-off versus Nathan MacKinnon in SPOKANE KNIGHTS zone. 9:20 of 1st period - Shot by Joonas Donskoi. 9:20 of 1st period - Shot Blocked by Vincent Trocheck. 9:55 of 1st period - Shot by Leon Draisaitl. 9:55 of 1st period - Shot Misses the Net. 10:24 of 1st period - Shot by Leon Draisaitl. 10:24 of 1st period - Shot Misses the Net. 10:26 of 1st period - Shot by Jacob Trouba. 10:26 of 1st period - Shot Misses the Net. 10:54 of 1st period - Shot by Marcus Kruger. 10:54 of 1st period - Shot Blocked by Tom Kuhnhackl. 11:53 of 1st period - Shot by Sebastian Aho. 11:53 of 1st period - Stopped by Martin Jones with a rebound. 12:34 of 1st period - Shot by Vincent Trocheck. 12:34 of 1st period - Stopped by Martin Jones with a rebound. 13:27 of 1st period - Shot by Phillip Danault. 13:27 of 1st period - Deflect By Matthew Tkachuk. 13:27 of 1st period - Shot Misses the Net. 15:09 of 1st period - Icing by Zdeno Chara. 15:10 of 1st period - Leon Draisaitl wins face-off versus Blake Wheeler in SPOKANE KNIGHTS zone. 15:11 of 1st period - Shot by Chris Kreider. 15:11 of 1st period - Shot Misses the Net. 15:13 of 1st period - Shot by Leon Draisaitl. 15:13 of 1st period - Stopped by Braden Holtby without a rebound. 15:14 of 1st period - Leon Draisaitl wins face-off versus Phillip Danault in SPOKANE KNIGHTS zone. 15:43 of 1st period - Shot by Leon Draisaitl. 15:43 of 1st period - Goal by Leon Draisaitl - ANCHORAGE ACES : 1 - SPOKANE KNIGHTS : 1. 15:44 of 1st period - Vincent Trocheck wins face-off versus Nathan MacKinnon in neutral zone. 15:50 of 1st period - Shot by Mikael Backlund. 15:50 of 1st period - Stopped by Martin Jones without a rebound. 15:51 of 1st period - Nathan MacKinnon wins face-off versus Mikael Backlund in ANCHORAGE ACES zone. 15:53 of 1st period - Icing by Connor McDavid. 15:54 of 1st period - Mikael Backlund wins face-off versus Nathan MacKinnon in ANCHORAGE ACES zone. 16:51 of 1st period - Icing by Zdeno Chara. 16:52 of 1st period - Chris Kreider wins face-off versus Mikael Backlund in SPOKANE KNIGHTS zone. 17:50 of 1st period - Shot by Matthew Tkachuk. 17:50 of 1st period - Shot Blocked by Darnell Nurse. 17:54 of 1st period - Shot by Patrick Kane. 17:54 of 1st period - Stopped by Martin Jones without a rebound. 17:55 of 1st period - Sebastian Aho wins face-off versus Nate Thompson in ANCHORAGE ACES zone. 18:04 of 1st period - Shot by Sebastian Aho. 18:04 of 1st period - Stopped by Martin Jones without a rebound. 18:05 of 1st period - Sebastian Aho wins face-off versus Nathan MacKinnon in ANCHORAGE ACES zone. 18:50 of 1st period - Shot by Tomas Hertl. 18:50 of 1st period - Shot Blocked by Jacob Trouba. 19:16 of 1st period - Shot by Patrick Kane. 19:16 of 1st period - Shot Misses the Net. 19:42 of 1st period - Shot by Chris Kreider. 19:42 of 1st period - Stopped by Braden Holtby without a rebound. 19:43 of 1st period - Mikael Backlund wins face-off versus Leon Draisaitl in SPOKANE KNIGHTS zone. 19:43 of 1st period - Mikael Backlund is hit by Chris Kreider. Goals for this period are 1 for ANCHORAGE ACES vs 1 for SPOKANE KNIGHTS. Shots for this period are 9 for ANCHORAGE ACES vs 15 for SPOKANE KNIGHTS. 2nd period 0:01 of 2nd period - Sebastian Aho wins face-off versus Tyler Bozak in neutral zone. 0:37 of 2nd period - Minor Penalty to Ben Chiarot for Hooking. 0:38 of 2nd period - Sebastian Aho wins face-off versus Nate Thompson in ANCHORAGE ACES zone. 0:39 of 2nd period - Shot by Patrick Kane. 0:39 of 2nd period - Stopped by Martin Jones with a rebound. 0:41 of 2nd period - Shot by Matthew Tkachuk. 0:41 of 2nd period - Goal by Matthew Tkachuk - ANCHORAGE ACES : 1 - SPOKANE KNIGHTS : 2. 0:42 of 2nd period - Phillip Danault wins face-off versus Leon Draisaitl in neutral zone. 0:59 of 2nd period - Shot by Leon Draisaitl. 0:59 of 2nd period - Stopped by Braden Holtby without a rebound. 1:00 of 2nd period - Mikael Backlund wins face-off versus Nathan MacKinnon in SPOKANE KNIGHTS zone. 1:17 of 2nd period - Shot by Connor McDavid. 1:17 of 2nd period - Stopped by Braden Holtby without a rebound. 1:18 of 2nd period - Phillip Danault wins face-off versus Leon Draisaitl in SPOKANE KNIGHTS zone. 1:43 of 2nd period - Shot by Patrick Kane. 1:43 of 2nd period - Shot Misses the Net. 2:26 of 2nd period - Shot by Connor McDavid. 2:26 of 2nd period - Stopped by Braden Holtby without a rebound. 2:27 of 2nd period - Tyler Bozak wins face-off versus Sebastian Aho in SPOKANE KNIGHTS zone. 3:15 of 2nd period - Minor Penalty to Blake Wheeler for Diving. 3:16 of 2nd period - Nathan MacKinnon wins face-off versus Vincent Trocheck in SPOKANE KNIGHTS zone. 3:37 of 2nd period - Shot by Nathan MacKinnon. 3:37 of 2nd period - Shot Misses the Net. 3:39 of 2nd period - Shot by Joonas Donskoi. 3:39 of 2nd period - Shot Blocked by Zdeno Chara. 4:26 of 2nd period - Shot by Leon Draisaitl. 4:26 of 2nd period - Shot Blocked by Kristopher Letang. 4:28 of 2nd period - Shot by Leon Draisaitl. 4:28 of 2nd period - Deflect By Connor McDavid. 4:28 of 2nd period - Shot Misses the Net. 4:30 of 2nd period - Shot by Ben Chiarot. 4:30 of 2nd period - Stopped by Braden Holtby without a rebound. 4:31 of 2nd period - Nathan MacKinnon wins face-off versus Vincent Trocheck in SPOKANE KNIGHTS zone. 4:45 of 2nd period - Icing by Jacob Trouba. 4:46 of 2nd period - Nathan MacKinnon wins face-off versus Vincent Trocheck in ANCHORAGE ACES zone. 5:29 of 2nd period - Shot by Tom Kuhnhackl. 5:29 of 2nd period - Shot Misses the Net. 5:31 of 2nd period - Shot by Ryan Suter. 5:31 of 2nd period - Stopped by Braden Holtby with a rebound. 5:33 of 2nd period - Shot by Nate Thompson. 5:33 of 2nd period - Stopped by Braden Holtby without a rebound. 5:34 of 2nd period - Phillip Danault wins face-off versus Tyler Bozak in SPOKANE KNIGHTS zone. 5:38 of 2nd period - Icing by Matthew Tkachuk. 5:39 of 2nd period - Tyler Bozak wins face-off versus Phillip Danault in SPOKANE KNIGHTS zone. 6:50 of 2nd period - Shot by Nathan MacKinnon. 6:50 of 2nd period - Shot Blocked by Brooks Orpik. 7:10 of 2nd period - Shot by Nathan MacKinnon. 7:10 of 2nd period - Shot Blocked by Vincent Trocheck. 7:12 of 2nd period - Shot by Ben Chiarot. 7:12 of 2nd period - Shot Blocked by Vincent Trocheck. 7:14 of 2nd period - Shot by Nathan MacKinnon. 7:14 of 2nd period - Shot Misses the Net. 7:16 of 2nd period - Shot by Connor McDavid. 7:16 of 2nd period - Stopped by Braden Holtby without a rebound. 7:17 of 2nd period - Sebastian Aho wins face-off versus Leon Draisaitl in SPOKANE KNIGHTS zone. 7:22 of 2nd period - Shot by Tomas Hertl. 7:22 of 2nd period - Stopped by Martin Jones without a rebound. 7:23 of 2nd period - Sebastian Aho wins face-off versus Leon Draisaitl in ANCHORAGE ACES zone. 7:23 of 2nd period - Sebastian Aho is hit by Darnell Nurse. 7:25 of 2nd period - Shot by Tomas Hertl. 7:25 of 2nd period - Deflect By Blake Wheeler. 7:25 of 2nd period - Shot Blocked by Jacob Trouba. 7:33 of 2nd period - Shot by Tomas Hertl. 7:33 of 2nd period - Shot Misses the Net. 7:35 of 2nd period - Shot by Blake Wheeler. 7:35 of 2nd period - Shot Misses the Net. 7:37 of 2nd period - Shot by Tomas Hertl. 7:37 of 2nd period - Stopped by Martin Jones with a rebound. 7:39 of 2nd period - Shot by Tomas Hertl. 7:39 of 2nd period - Stopped by Martin Jones without a rebound. 7:40 of 2nd period - Connor McDavid wins face-off versus Phillip Danault in ANCHORAGE ACES zone. 7:46 of 2nd period - Off-side. 7:47 of 2nd period - Nathan MacKinnon wins face-off versus Mikael Backlund in neutral zone. 7:50 of 2nd period - Shot by Connor McDavid. 7:50 of 2nd period - Shot Misses the Net. 8:07 of 2nd period - Minor Penalty to Anton Stralman for Hooking. 8:08 of 2nd period - Connor McDavid wins face-off versus Vincent Trocheck in SPOKANE KNIGHTS zone. 8:31 of 2nd period - Shot by Connor McDavid. 8:31 of 2nd period - Goal by Connor McDavid - ANCHORAGE ACES : 2 - SPOKANE KNIGHTS : 2. 8:32 of 2nd period - Sebastian Aho wins face-off versus Nate Thompson in neutral zone. 8:39 of 2nd period - Shot by Sebastian Aho. 8:39 of 2nd period - Stopped by Martin Jones without a rebound. 8:40 of 2nd period - Leon Draisaitl wins face-off versus Sebastian Aho in ANCHORAGE ACES zone. 8:50 of 2nd period - Blake Wheeler is hit by Ben Chiarot and loses puck. 9:00 of 2nd period - Minor Penalty to Ben Chiarot for Hooking. 9:01 of 2nd period - Tyler Bozak wins face-off versus Sebastian Aho in ANCHORAGE ACES zone. 9:44 of 2nd period - Shot by Matthew Tkachuk. 9:44 of 2nd period - Deflect By Patrick Kane. 9:44 of 2nd period - Stopped by Martin Jones without a rebound. 9:45 of 2nd period - Vincent Trocheck wins face-off versus Nate Thompson in ANCHORAGE ACES zone. 10:23 of 2nd period - Shot by Blake Wheeler. 10:23 of 2nd period - Shot Blocked by Ryan Suter. 10:25 of 2nd period - Shot by Tomas Hertl. 10:25 of 2nd period - Stopped by Martin Jones without a rebound. 10:26 of 2nd period - Tyler Bozak wins face-off versus Sebastian Aho in ANCHORAGE ACES zone. 10:26 of 2nd period - Tyler Bozak is hit by Sebastian Aho. 10:51 of 2nd period - Shot by Victor Hedman. 10:51 of 2nd period - Stopped by Martin Jones with a rebound. 10:53 of 2nd period - Shot by Sebastian Aho. 10:53 of 2nd period - Shot Blocked by Darnell Nurse. 10:55 of 2nd period - Shot by Matthew Tkachuk. 10:55 of 2nd period - Shot Misses the Net. 11:02 of 2nd period - Icing by Ben Chiarot. 11:03 of 2nd period - Mikael Backlund wins face-off versus Leon Draisaitl in ANCHORAGE ACES zone. 12:08 of 2nd period - Icing by Kristopher Letang. 12:09 of 2nd period - Tyler Bozak wins face-off versus Phillip Danault in SPOKANE KNIGHTS zone. 12:47 of 2nd period - Tyler Bozak is hit by Kristopher Letang and loses puck. 12:50 of 2nd period - Shot by Deryk Engelland. 12:50 of 2nd period - Stopped by Braden Holtby without a rebound. 12:51 of 2nd period - Sebastian Aho wins face-off versus Nathan MacKinnon in SPOKANE KNIGHTS zone. 13:04 of 2nd period - Shot by Nathan MacKinnon. 13:04 of 2nd period - Deflect By Connor McDavid. 13:04 of 2nd period - Shot Blocked by Zdeno Chara. 13:06 of 2nd period - Shot by Connor McDavid. 13:06 of 2nd period - Stopped by Braden Holtby with a rebound. 13:08 of 2nd period - Shot by Connor McDavid. 13:08 of 2nd period - Goal by Connor McDavid - ANCHORAGE ACES : 3 - SPOKANE KNIGHTS : 2. 13:09 of 2nd period - Tyler Johnson wins face-off versus Leon Draisaitl in neutral zone. 13:14 of 2nd period - Shot by Vincent Trocheck. 13:14 of 2nd period - Stopped by Martin Jones with a rebound. 13:30 of 2nd period - Shot by Leon Draisaitl. 13:30 of 2nd period - Goal by Leon Draisaitl - ANCHORAGE ACES : 4 - SPOKANE KNIGHTS : 2. 13:30 of 2nd period - Craig Anderson enters game. 13:31 of 2nd period - Nathan MacKinnon wins face-off versus Sebastian Aho in neutral zone. 13:54 of 2nd period - Shot by Tomas Hertl. 13:54 of 2nd period - Stopped by Martin Jones without a rebound. 13:55 of 2nd period - Leon Draisaitl wins face-off versus Tyler Johnson in ANCHORAGE ACES zone. 13:55 of 2nd period - Leon Draisaitl is hit by Mikael Backlund. 14:05 of 2nd period - Shot by Mikael Backlund. 14:05 of 2nd period - Shot Blocked by Ryan Suter. 14:07 of 2nd period - Shot by Anton Stralman. 14:07 of 2nd period - Stopped by Martin Jones with a rebound. 14:13 of 2nd period - Shot by Vincent Trocheck. 14:13 of 2nd period - Stopped by Martin Jones without a rebound. 14:14 of 2nd period - Nathan MacKinnon wins face-off versus Sebastian Aho in ANCHORAGE ACES zone. 14:14 of 2nd period - Nathan MacKinnon is h